 Dungeon Crawl Stone Soup version 0.28-a0-823-gb444dcf96d (console) character file.

Game seed: 4043705835257554007

12 petzl the Vexing (level 2, -3/18 HPs)
             Began as an Octopode Arcane Marksman on Nov 9, 2021.
             Slain by a quokka (4 damage)
             ... on level 1 of the Dungeon.
             The game lasted 00:00:39 (347 turns).

petzl the Vexing (Octopode Arcane Marksman)          Turns: 347, Time: 00:00:39

Health: -3/18      AC:  1    Str:  9    XL:     2   Next: 33%
Magic:  3/3        EV: 13    Int: 15    God:
Gold:   0          SH:  0    Dex: 12    Spells: 2/3 levels left

rFire   . . .      SeeInvis .   a - +0 hand crossbow
rCold   . . .      Faith    .   (no shield)
rNeg    . . .      Spirit   .   (helmet restricted)
rPois   .          Reflect  .   (no amulet)
rElec   .          Harm     .   (no ring)
rCorr   .          Rampage  .   (no ring)
Will    .....                   (no ring)
Stlth   +++.......              (no ring)
HPRegen 0.06/turn               (no ring)
MPRegen 0.08/turn               (no ring)
                                (no ring)
                                (no ring)

@: no status effects
A: almost no armour, amphibious, 8 rings, camouflage 1, gelatinous body 1,
(nimble swimmer 1), tentacles
a: no special abilities


You were on level 1 of the Dungeon.
You visited 1 branch of the dungeon, and saw 1 of its levels.

Inventory:

Hand Weapons
 a - a +0 hand crossbow (weapon)
Missiles
 c - 4 bolts (quivered ammo)
Scrolls
 b - a scroll of fear {unknown}
 e - a scroll of identify {unknown}
Potions
 d - a potion of curing {unknown}


   Skills:
 + Level 1.3 Fighting
 + Level 2.2 Crossbows
 + Level 2.2 Dodging
 + Level 1.0 Stealth
 + Level 1.2 Spellcasting
 - Level 3.0 Hexes


You had 2 spell levels left.
You knew the following spells:

 Your Spells              Type           Power      Damage    Failure   Level
a - Slow                  Hex            36%        N/A       7%          1

Your spell library contained the following spells:

 Spells                   Type           Power      Damage    Failure   Level
 Inner Flame              Hex/Fire       5%         N/A       36%         3
 Portal Projectile        Hex/Tloc       10%        N/A       36%         3
 Cause Fear               Hex            4%         N/A       56%         4


Dungeon Overview and Level Annotations

Branches:
Dungeon (1/15)

Altars:


Innate Abilities, Weirdness & Mutations

You cannot wear most types of armour.
You are amphibious.
You can wear up to eight rings at the same time.
Your skin changes colour to match your surroundings (Stealth+).
Your rubbery body absorbs attacks. (AC +1, EV +1)
((You are camouflaged near water. (Stealth+)))
You have tentacles for arms and can constrict up to eight enemies at once.


Message History

You are too injured to fight recklessly!
A quokka is nearby!
You are too injured to fight recklessly!
A quokka is nearby!
Fire: 9 bolts
Press: ? - help, Q - select action, (/) - cycle Shift-Dir - straight line, f/p - quokka
Aim: a quokka (heavily wounded, 51% to hit)
You shoot a bolt. The bolt closely misses the quokka.
The quokka misses you. The quokka bites you.
Fire: 8 bolts
Press: ? - help, Q - select action, (/) - cycle Shift-Dir - straight line, f/p - quokka
Aim: a quokka (heavily wounded, 51% to hit)
You shoot a bolt. The bolt barely misses the quokka.
The quokka closely misses you.
Fire: 7 bolts
Press: ? - help, Q - select action, (/) - cycle Shift-Dir - straight line, f/p - quokka
Aim: a quokka (heavily wounded, 51% to hit)
You shoot a bolt. The bolt hits the quokka.
The quokka is severely wounded.
The quokka closely misses you. The quokka bites you.
* * * LOW HITPOINT WARNING * * *
Fire: 6 bolts
Press: ? - help, Q - select action, (/) - cycle Shift-Dir - straight line, f/p - quokka
Aim: a quokka (severely wounded, 51% to hit)
You shoot a bolt. The bolt barely misses the quokka.
The quokka closely misses you. The quokka bites you.
* * * LOW HITPOINT WARNING * * *
Press: ? - help, v - describe, . - travel, g - get item
Here: a quokka (severely wounded) Item here: 4 bolts.
The floor.
Unknown command.
Unknown command.
Unknown command.
Fire: 5 bolts
Press: ? - help, Q - select action, (/) - cycle Shift-Dir - straight line, f/p - quokka
Aim: a quokka (severely wounded, 51% to hit)
You shoot a bolt. The bolt closely misses the quokka.
The quokka bites you.
You die...

..........###.##..#..(...
..##.#.....##.#
...#.#.....##.#
..##.#.....##.##
.........###...##
.....######..⌠..##
.....#####.......#####
.....'.....⌠.<.⌠.....+
.....#####.......#####
....#### ##..⌠..## .#.....#
##...## .......######.##
.... .####......##.#
#####.... .'..+......##.#
##.......# .####......##.#
#.......## .........#..#+#
#......... ..............#
......... ............###
###........
............#####..@r.....(
..........................(
............#..............
...........##............##
...........##...........#..
...........####.........# #
......>....# #.........#
#####...>..####.........#
....+.......>............
#####....[.#####........
#######........#.#######
....# #.######.#.# ..#.#
#.#....#.#.# #.#.#
#.#......#.# #.#.#
#.####.###.# #.#.#
#..........# #.#.#
######.##### ..#.#
#.######## ....# #.........


You could see a quokka.

Vanquished Creatures
  A dart slug (D:1)
  A giant cockroach (D:1)
  3 jackals (D:1)
  A kobold (D:1)
  2 ball pythons (D:1)
  2 rats (D:1)
10 creatures vanquished.

Notes
Turn   | Place    | Note
-------+----------+-------------------------------------------
     0 | D:1      | petzl the Octopode Arcane Marksman began the quest for the
                  | Orb.
     0 | D:1      | Reached XP level 1. HP: 13/13 MP: 2/2
   102 | D:1      | Reached XP level 2. HP: 18/18 MP: 3/3
   110 | D:1      | Reached skill level 1 in Stealth
   347 | D:1      | Slain by a quokka

Illustrated notes

Levels and vault maps discovered:
D:1:      evilmike_arrival_plus, layout_basic

Skill      XL: |  1  2 |
---------------+-------+-----
Stealth        | 1 |  1.0
Fighting       | |  1.3
Crossbows      | |  2.2
Dodging        | |  2.2
Spellcasting   | |  1.2
Hexes          | |  3.0

Action                   || total
-------------------------++-------
 Fire: Hand crossbow     ||    33
Dodge: Dodged            ||    13

Table legend: (Time is in decaauts)
 A = Elapsed time spent in this place.
 B = Non-inter-level travel time spent in this place.
 C = Inter-level travel time spent in this place.
 D = Time resting spent in this place.
 E = Time spent auto-exploring this place.
 F = Levels seen in this place.
 G = Mean time per level.
                   A        B        C        D        E       F      G
               +--------+--------+--------+--------+--------+-----+--------+
         Total |    359 |    359 |      0 |      0 |    290 |   1 |  359.0 |
       Dungeon |    359 |    359 |      0 |      0 |    290 |   1 |  359.0 |
               +--------+--------+--------+--------+--------+-----+--------+

Top non-repeatable levels by time:
     D:1: 359 daAuts
